 Dungeon Crawl Stone Soup version 0.27-a0-1090-gb115f176c6 (webtiles) character file.

Game seed: 12509163215551035253

9915 tardwrangler69 the Nimble (level 11, -7/61 HPs)
             Began as an Octopode Earth Elementalist on Apr 28, 2021.
             Was a Follower of Vehumet.
             Killed by divine providence
             ... invoked by an orc priest
              (12 damage)
             ... on level 9 of the Dungeon.
             The game lasted 00:15:30 (12668 turns).

tardwrangler69 the Nimble (OpEE)                   Turns: 12668, Time: 00:15:30

Health: -7/61      AC: -7    Str:  8    XL:     11   Next: 53%
Magic:  21/30      EV: 25    Int: 32    God:    Vehumet [*.....]
Gold:   594        SH:  5    Dex: 12    Spells: 15/24 levels left

rFire    . . .     SeeInvis .   A - +6 mace "Etteng" {pain, Int+5}
rCold    . . .     Faith    .   (no shield)
rNeg     + . .     Spirit   .   (helmet restricted)
rPois    .         Reflect  +   n - amulet of reflection
rElec    .         Harm     .   c - +4 ring of evasion
rCorr    .         Rampage  .   k - ring of positive energy
Will     .....                  q - +4 ring of evasion
Stlth    +++.......             v - +6 ring of intelligence
HPRegen  0.20/turn              w - ring of magical power
MPRegen  0.22/turn              (no ring)
                                (no ring)
                                (no ring)

@: corroded
A: almost no armour, amphibious, 8 rings, camouflage 1, gelatinous body 1,
(nimble swimmer 1), tentacles
a: Renounce Religion


You were on level 9 of the Dungeon.
You worshipped Vehumet.
Vehumet was aware of your devotion.
You visited 2 branches of the dungeon, and saw 11 of its levels.

You collected 594 gold pieces.

Inventory:

Hand Weapons
 j - a +1 dagger of holy wrath
 A - the +6 mace "Etteng" (weapon) {pain, Int+5}
   (You found it on level 7 of the Dungeon)

   In the hands of one skilled in necromantic magic, it inflicts extra damage on
   living creatures.
   It affects your intelligence (+5).
Missiles
 b - 111 stones
Jewellery
 c - a +4 ring of evasion (left tentacle)
 k - a ring of positive energy (right tentacle)
 n - an amulet of reflection (around mantle)
 q - a +4 ring of evasion (on tentacle)
 v - a +6 ring of intelligence (on tentacle)
 w - a ring of magical power (on tentacle)
 C - a ring of ice
Wands
 p - a wand of iceblast (13)
 u - a wand of mindburst (29)
Scrolls
 a - 2 scrolls of blinking {unknown}
 e - 3 scrolls of magic mapping {unknown}
 f - 4 scrolls of enchant weapon {unknown}
 i - 4 scrolls of teleportation {unknown}
 l - 5 scrolls of identify {unknown}
 s - a scroll of vulnerability {unknown}
 x - 2 scrolls of fog {unknown}
 y - a scroll of enchant armour {unknown}
 D - a scroll of amnesia {unknown}
Potions
 d - 3 potions of mutation {unknown}
 g - a potion of degeneration {unknown}
 h - 2 potions of flight {unknown}
 m - 4 potions of resistance
 o - a potion of haste {unknown}
 r - a potion of magic {unknown}
 t - a potion of cancellation {unknown}
 z - a potion of invisibility {unknown}
 B - a potion of heal wounds {unknown}


   Skills:
 + Level 10.9 Dodging
 - Level 2.6 Stealth
 - Level 7.0 Spellcasting
 - Level 7.0 Conjurations
 - Level 1.0 Transmutations
 - Level 10.4 Earth Magic


You had 15 spell levels left.
You knew the following spells:

 Your Spells              Type           Power      Damage    Failure   Level
a - Sandblast             Erth           100%       2d20      1%          1
b - Stone Arrow           Conj/Erth      100%       3d13      1%          3
c - Lee's Rapid Deconstr  Erth           33%        3d18*     1%          5

Your spell library contained the following spells:

 Spells                   Type           Power      Damage    Failure   Level
 Shock                    Conj/Air       100%       1d9       1%          1
 Magic Dart               Conj           100%       1d8       1%          1
 Passwall                 Tmut/Erth      39%        N/A       1%          2
 Searing Ray              Conj           100%       3d7       1%          2
 Dazzling Flash           Conj/Hex       66%        N/A       3%          3
 Petrify                  Tmut/Erth      47%        N/A       4%          4
 Iskenderun's Battlesphe  Conj           54%        2d10      6%          5
 Fulminant Prism          Conj/Hex       16%        3d11      10%         4
 Iskenderun's Mystic Bla  Conj/Tloc      33%        2d8       10%         4
 Bolt of Magma            Conj/Fire/Erth 24%        4d12      11%         5
 Iron Shot                Conj/Erth      30%        9d6       19%         6
 Orb of Destruction       Conj           27%        9d11      89%         7
 Spellforged Servitor     Conj/Summ      16%        N/A       100%        7


Dungeon Overview and Level Annotations

Branches:
Dungeon (10/15)            Temple (1/1) D:7
   Lair: D:8-11         Orc: D:9-12

Altars:
Ashenzari
Cheibriados
Dithmenos
Elyvilon
Fedhas
Gozag
Hepliaklqana
Kikubaaqudgha
Makhleb
Nemelex Xobeh
Okawaru
Qazlal
Ru
Sif Muna
Trog
Uskayaw
Vehumet
Wu Jian
Xom
Yredelemnul
Zin
The Shining One

Shops:
D:5 =   D:7 !

Annotations:
D:3 Terence
D:4 3 runed translucent doors, freelancePsychic's ghost, novice DjCj
D:5 1 runed translucent door, Orlauf's ghost, amateur DsGl
D:8 7 exclusions


Innate Abilities, Weirdness & Mutations

You cannot wear most types of armour.
You are amphibious.
You can wear up to eight rings at the same time.
Your skin changes colour to match your surroundings (Stealth+).
Your rubbery body absorbs attacks. (AC +1, EV +1)
((You are camouflaged near water. (Stealth+)))
You have tentacles for arms and can constrict up to eight enemies at once.


Message History

Vehumet accepts your kill.
You feel your power returning.
Casting: Stone Arrow (safe; 1% risk of failure)
Confirm with . or Enter, or press ? or * to list all spells.
Aiming: Stone Arrow (safe; 1% risk of failure)
Press: ? - help, Shift-Dir - straight line, f - acid dragon
Aim: an acid dragon (catching its breath, 78% to hit)
The stone arrow hits the acid dragon!
The acid dragon is heavily wounded.
The acid dragon completely misses you. The acid dragon claws you.
Casting: Stone Arrow (safe; 1% risk of failure)
Confirm with . or Enter, or press ? or * to list all spells.
Aiming: Stone Arrow (safe; 1% risk of failure)
Press: ? - help, Shift-Dir - straight line, f/p - acid dragon
Aim: an acid dragon (heavily wounded, catching its breath, 78% to hit)
The stone arrow hits the acid dragon!
The acid dragon is almost dead.
The acid dragon spits acid at you. The splash of acid hits you!
The acid corrodes you!
You are splashed with acid!
* * * LOW HITPOINT WARNING * * *
Casting: Stone Arrow (safe; 1% risk of failure)
Confirm with . or Enter, or press ? or * to list all spells.
Aiming: Sandblast (safe; 1% risk of failure)
Press: ? - help, Shift-Dir - straight line, f/p - acid dragon
Aim: an acid dragon (almost dead, catching its breath, 84% to hit)
The blast of sand misses the acid dragon.
The acid dragon bites you.
* * * LOW HITPOINT WARNING * * *
The acid dragon completely misses you. The orc priest completely misses you.
Casting: Sandblast (safe; 1% risk of failure)
Confirm with . or Enter, or press ? or * to list all spells.
Aiming: Sandblast (safe; 1% risk of failure)
Press: ? - help, Shift-Dir - straight line, f/p - acid dragon
Aim: an acid dragon (almost dead, catching its breath, 84% to hit)
The blast of sand hits the acid dragon!
You kill the acid dragon!
Vehumet accepts your kill.
The orc priest calls down the wrath of Beogh upon you.
Beogh smites you!
You die...

#...............####..#.....
#..............##..........#
#...##..##................##
#.......###.........#....## ##
#...###[#####.##....#...## ♣.
#######..###..###......## ♣W
#♣...♣#..##........#..## O
#.♣♣♣[#............#..# #.♣
♣.#...o@#...#.##..###
#.♣♣♣.#.#[.##.>.####....#
######♣..†♣#.†.#.#...##......##
.....#♣..)♣#..>).#...##..#....###
♣♣♣♣.♣.♣♣♣.#[†.#o....##..#.<....#
♣♣.....♣ ♣...........#...........
♣♣♣♣.♣.♣♣♣.#...............###..#
.....#♣...♣#...........##...##.##
######♣...♣#...................†.


You could see an orc priest.

Vanquished Creatures
  A centaur warrior (D:8)
  An ugly thing (D:8)
  Maurice (D:9)
  Maggie (D:7)
  An unseen horror (D:8)
  2 hornets
  A slime creature (D:9)
  A vampire (D:9)
  2 wyverns (D:8)
  14 yaks
  Sigmund (D:5)
  A wraith (D:8)
  A yak (shapeshifter) (D:8)
  A steam dragon (D:9)
  An acid dragon (D:9)
  3 water moccasins
  7 orc warriors
  3 ice beasts
  4 black bears
  A hornet zombie (D:6)
  2 ogres
  4 centaurs
  2 kobold brigands (D:9)
  3 bullfrogs
  2 wyvern zombies
  3 scorpions
  11 killer bees
  5 wights (D:7)
  A howler monkey (D:5)
  4 centaur zombies
  A bullfrog zombie (D:6)
  A hound (D:6)
  A jelly (D:5)
  3 orc priests
  2 bullfrog skeletons
  2 centaur skeletons
  3 iguanas
  7 orc wizards
  A howler monkey zombie (D:6)
  7 adders
  A howler monkey skeleton (D:7)
  2 shadow imps
  A white imp (D:8)
  2 worms
  3 dart slugs
  15 orcs
  4 endoplasms
  2 giant cockroaches
  8 hobgoblins
  7 jackals
  6 kobolds
  8 quokkas
  6 ball pythons
  4 bats
  6 goblins
  3 rats
191 creatures vanquished.

Vanquished Creatures (others)
  5 plants (D:6)
5 creatures vanquished.

Grand Total: 196 creatures vanquished

Notes
Turn   | Place    | Note
-------+----------+-------------------------------------------
     0 | D:1      | tardwrangler69 the Octopode Earth Elementalist began the
                  | quest for the Orb.
     0 | D:1      | Reached XP level 1. HP: 11/11 MP: 3/3
   207 | D:1      | Reached XP level 2. HP: 17/17 MP: 5/5
   887 | D:2      | Reached XP level 3. HP: 16/21 MP: 4/6
  1160 | D:2      | Found a faded altar of an unknown god.
  1367 | D:2      | Reached XP level 4. HP: 21/27 MP: 5/8
  2173 | D:3      | Noticed an ogre
  2179 | D:3      | Killed an ogre
  2180 | D:3      | Reached skill level 5 in Earth Magic
  2180 | D:3      | Reached XP level 5. HP: 31/31 MP: 5/9
  2609 | D:3      | Noticed a black bear
  2612 | D:3      | Killed a black bear
  2613 | D:3      | Reached XP level 6. HP: 36/36 MP: 7/11
  2661 | D:3      | Noticed Terence
  2711 | D:3      | Learned a level 3 spell: Stone Arrow
  3931 | D:4      | Found a runed translucent gate.
  3931 | D:4      | Found a runed translucent gate.
  3931 | D:4      | Found a runed translucent gate.
  3931 | D:4      | Noticed a water moccasin
  3933 | D:4      | Noticed freelancePsychic's ghost (novice DjCj)
  4666 | D:4      | Reached XP level 7. HP: 41/41 MP: 13/13
  4742 | D:5      | Entered Level 5 of the Dungeon
  4749 | D:5      | Noticed Sigmund
  4780 | D:5      | Killed Sigmund
  4816 | D:5      | Found Horahifita's Jewellery Emporium.
  5093 | D:5      | Noticed Orlauf's ghost (amateur DsGl)
  5094 | D:5      | Found a runed translucent door.
  5283 | D:5      | Reached XP level 8. HP: 44/46 MP: 8/15
  5389 | D:5      | Reached skill level 5 in Spellcasting
  6269 | D:6      | Found a broken altar of Ashenzari.
  7140 | D:6      | Reached XP level 9. HP: 51/51 MP: 18/18
  7612 | D:7      | Noticed Maggie
  7622 | D:7      | Killed Maggie
  7623 | D:7      | Reached skill level 10 in Earth Magic
  7626 | D:7      | Identified the +6 mace "Etteng" {pain, Int+5}
  7958 | D:7      | Reached skill level 1 in Conjurations
  8115 | D:7      | Found Huck's Distillery.
  8159 | D:7      | Noticed a hornet
  8163 | D:7      | Killed a hornet
  8421 | D:7      | Found a faded altar of an unknown god.
  8421 | D:7      | Found a hide-covered altar of Uskayaw.
  8456 | D:7      | Found a faded altar of an unknown god.
  8458 | D:7      | Found an ornate altar of the Wu Jian Council.
  8460 | D:7      | Found an iron altar of Okawaru.
  8529 | D:7      | Found a staircase to the Ecumenical Temple.
  8538 | Temple   | Entered the Ecumenical Temple
  8728 | Temple   | Became a worshipper of Vehumet
  9190 | D:8      | Reached skill level 5 in Conjurations
  9349 | D:8      | Reached XP level 10. HP: 50/56 MP: 16/20
  9653 | D:8      | Learned a level 5 spell: Lee's Rapid Deconstruction
 10095 | D:8      | Noticed a brown ugly thing
 10095 | D:8      | Noticed a death knight
 10259 | D:8      | Noticed a centaur warrior
 10268 | D:8      | Reached * piety under Vehumet
 10268 | D:8      | Offered knowledge of Shock by Vehumet.
 10269 | D:8      | Reached skill level 5 in Dodging
 10269 | D:8      | Killed a centaur warrior
 11049 | D:8      | Killed an unseen horror
 11192 | D:8      | Killed a brown ugly thing
 11193 | D:8      | Reached XP level 11. HP: 35/61 MP: 8/21
 11346 | D:9      | Noticed a two-headed ogre
 11988 | D:9      | Reached skill level 10 in Dodging
 12354 | D:10     | Entered Level 10 of the Dungeon
 12354 | D:10     | Noticed a two-headed ogre
 12354 | D:10     | Noticed a two-headed ogre
 12368 | D:10     | Noticed Maurice
 12385 | D:9      | Killed Maurice
 12668 | D:9      | Killed from afar by an orc priest

Illustrated notes

Levels and vault maps discovered:
D:1:      moated_graveyard_arrival, layout_loops_cross, kennysheep_another_room
D:2:      layout_basic, chequers_ecumenical_altar_simple_redux
D:3:      layout_basic, chequers_serial_rivers_small_a,
          kennysheep_generic_room_5, uniq_terence
D:4:      layout_basic, gammafunk_ghost_split
D:5:      layout_loops_corners, hellmonk_ghost_happy_afterlife,
          minmay_shop_enchanted_jewellery, grunt_ministairs_6,
          grunt_decor_clamped, uniq_sigmund
D:6:      layout_loops_ring, lemuel_tele_altar, serial_bayou_pond_b
D:7:      layout_loops_ring, chequers_temple_overflow_minitemple,
          minmay_temple_entry_antechambers, serial_shops, shop, enter_bailey_4,
          serial_rivers, chequers_serial_rivers_small_3,
          chequers_serial_rivers_micro_b, chequers_serial_rivers_large_b,
          chequers_serial_rivers_large_a, chequers_serial_rivers_room_a,
          chequers_serial_rivers_small_b, bh_walls_and_bars, uniq_maggie
D:8:      layout_loops_ring, grunt_decor_one_mirror, minmay_the_grid_2x2
          [minmay_the_grid_x, minmay_the_grid_box_x, minmay_the_grid_doors,
          minmay_the_grid_prize_big_room]
D:9:      nzn_winding_woodlands_stair_cross [nzn_winding_woodlands_5x15_zeroes,
          nzn_winding_woodlands_center_garden,
          nzn_winding_woodlands_5x15_pockets, nzn_winding_woodlands_5x5_three,
          nzn_winding_woodlands_5x5_default,
          nzn_winding_woodlands_5x15_sawtooth,
          nzn_winding_woodlands_center_lodge,
          nzn_winding_woodlands_5x15_garden], layout_cave_pools,
          hangedman_decor_peaks_small
D:10:     layout_loops_ring, david_orc_4, uniq_maurice
Temple:   eino_narrow_crystal_temple

Skill      XL: |  1  2  3  4  5  6  7  8  9 10 11 |
---------------+----------------------------------+-----
Earth Magic    | 4 5 6 7 9 10 | 10.4
Spellcasting   | 3 4 6 7 |  7.0
Conjurations   | 5 7 |  7.0
Dodging        | 8 10 | 10.9
Stealth        | |  2.6
Transmutations | |  1.0

Action                   |  1- 3 |  4- 6 |  7- 9 | 10-12 || total
-------------------------+-------+-------+-------+-------++-------
Melee: Unarmed           |    16 |       |       |       ||    16
       Constrict         |     8 |    19 |     6 |       ||    33
       Tentacles         |     5 |    14 |     4 |       ||    23
       Short sword       |    18 |     9 |       |       ||    27
       Dagger            |       |    72 |    27 |       ||    99
 Cast: Sandblast         |    16 |    35 |    72 |    44 ||   167
       Stone Arrow       |       |       |    44 |   102 ||   146
       Lee's Rapid Decon |       |       |       |     6 ||     6
  Use: Potion            |     1 |       |       |       ||     1
 Stab: Sleeping          |     5 |     9 |       |       ||    14
Armor: Skin              |     2 |     6 |     1 |       ||     9
Dodge: Dodged            |    27 |    88 |    49 |    87 ||   251
Block: Other             |       |     2 |    13 |    21 ||    36
       Reflection        |       |       |     1 |       ||     1

Table legend: (Time is in decaauts)
 A = Elapsed time spent in this place.
 B = Non-inter-level travel time spent in this place.
 C = Inter-level travel time spent in this place.
 D = Time resting spent in this place.
 E = Time spent auto-exploring this place.
 F = Levels seen in this place.
 G = Mean time per level.
                   A        B        C        D        E       F      G
               +--------+--------+--------+--------+--------+-----+--------+
         Total |  12675 |  12318 |    357 |    656 |  10287 |  11 | 1152.3 |
       Dungeon |  12476 |  12133 |    343 |    656 |  10104 |  10 | 1247.6 |
        Temple |    198 |    184 |     14 |      0 |    183 |   1 |  198.0 |
               +--------+--------+--------+--------+--------+-----+--------+

Top non-repeatable levels by time:
     D:8: 1918 daAuts
     D:7: 1818 daAuts
     D:6: 1631 daAuts
     D:2: 1478 daAuts
     D:3: 1308 daAuts
     D:9: 1290 daAuts
     D:4: 1113 daAuts
     D:5: 1029 daAuts
     D:1: 868 daAuts
  Temple: 198 daAuts
    D:10: 19 daAuts
